AoeStats
← DrJacobsMD

Arabia

503703589Analyzed
1v1 RM · 1mo ago on Sep 1, 2026· 58m 16s· 2 players
Game mode
Random Map
Map size
Tiny (2 player)
Population
200
Speed
Normal
Resources
Standard
Victory
Conquest
Starting age
Dark Age
Ending age
Imperial Age
RankedLock teamsTeams togetherTeam positionsShared explorationLock speedFull tech treeHidden civsTurbo modeCheats
Victory
Defeat
🇺🇸 Vietnamese · United States
1099
+16
🇮🇹 Japanese · Italy
1097
-16
Tussl80
7:01 Loom
9:03 Feudal Age
10:27 Man-at-Arms
18:52 Double-Bit Axe
23:04 Castle Age
35:13 Stone Mining
42:43 Imperial Age
42:03 Wheelbarrow
41:14 Town Watch
42:12 Bow Saw
41:46 Horse Collar
42:46 Fletching
43:07 Scale Barding Armor
43:12 Forging
43:04 Padded Archer Armor
44:06 Onager
45:34 Masonry
45:45 Ballistics
45:21 Murder Holes
48:55 Bloodlines
48:08 Light Cavalry
54:48 Cavalier
55:28 Husbandry
DrJacobsMD
5:32 Loom
9:07 Feudal Age
10:22 Double-Bit Axe
12:55 Wheelbarrow
15:53 Fletching
17:44 Horse Collar
20:09 Gold Mining
20:58 Padded Archer Armor
25:36 Castle Age
25:37 Crossbowman
26:14 Bodkin Arrow
26:57 Bow Saw
26:50 Heavy Plow
32:24 Leather Archer Armor
32:17 Thumb Ring
32:31 Town Watch
34:30 Scale Barding Armor
34:58 Forging
41:13 Ballistics
43:42 Imperial Age
43:24 Iron Casting
43:09 Chain Barding Armor
43:54 Hand Cart
44:40 Bloodlines
44:32 Husbandry
46:09 Chain Barding Armor
45:50 Bracer
45:39 Arbalester
47:30 Chatras
47:51 Paper Money
47:41 Elite Battle Elephant
52:26 Hoardings
52:34 Ring Archer Armor
52:39 Plate Barding Armor
57:58 Chemistry
57:04 Siege Engineers
Connection lost

Rejoining the realm…

Still unreachable

The connection could not be restored.

Session expired

The server has moved on; the page needs a fresh start.